 Dungeon Crawl Stone Soup version 0.21-a0-401-g0b6bec4 (webtiles) character file.

184 Kavrick the Insei (level 5, 0/37 HPs)
             Began as an Octopode Monk on Oct 21, 2017.
             Killed by divine providence
             ... invoked by an orc priest
              (16 damage)
             ... on level 4 of the Dungeon.
             The game lasted 00:08:35 (3638 turns).

Kavrick the Insei (Octopode Monk)                   Turns: 3638, Time: 00:08:36

Health: 0/37       AC:  1    Str: 11    XL:     5   Next: 64%
Magic:  5/5        EV: 15    Int: 12    God:
Gold:   149        SH:  0    Dex: 15    Spells: 4/4 levels left

rFire    . . .     SeeInvis .     - Unarmed
rCold    . . .     Gourm    .   (no shield)
rNeg     . . .     Faith    .   (helmet restricted)
rPois    .         Spirit   .   (no amulet)
rElec    .         Reflect  .   (no ring)
rCorr    .         Harm     .   (no ring)
MR       .....                  (no ring)
Stlth    ++++......             (no ring)
HPRegen  0.12/turn              (no ring)
MPRegen  0.09/turn              (no ring)
                                (no ring)
                                (no ring)

@: no status effects
A: almost no armour, stealthy swim, amphibious, 8 rings, constrict 8, camouflage
1, gelatinous body 1
a: no special abilities


You were on level 4 of the Dungeon.
You were not hungry.

You visited 1 branch of the dungeon, and saw 4 of its levels.

You collected 149 gold pieces.

Inventory:

Hand Weapons
 q - a +0 trident
Jewellery
 i - an uncursed ring of wizardry {unknown}
 v - a cursed ring of teleportation {unknown}
 w - a +4 ring of protection {unknown}
Scrolls
 d - 4 scrolls of identify {unknown}
 f - a scroll of enchant weapon {unknown}
 h - 2 scrolls of enchant armour {unknown}
 j - a scroll of fear {unknown}
 n - 2 scrolls of remove curse {unknown}
 o - a scroll of recharging {unknown}
 p - a scroll of teleportation {unknown}
 r - a scroll of fog {unknown}
Potions
 c - a potion of might {unknown}
 e - a potion of curing {unknown}
 g - a potion of cancellation {unknown}
 k - a potion of heal wounds {unknown}
 l - 2 potions of flight {unknown}
 s - a potion of ambrosia {unknown}
Comestibles
 a - 2 bread rations
 b - 2 fruits
 m - a meat ration
 t - a royal jelly
 u - a chunk of flesh


   Skills:
 + Level 3.8 Fighting
 + Level 3.7 Dodging
 + Level 4.2 Stealth
 * Level 4.5 Unarmed Combat


You had 4 spell levels left.
You didn't know any spells.

Dungeon Overview and Level Annotations

Branches:
Dungeon (4/15)
 Temple: D:4-7

Altars:

Annotations:
D:2 Sigmund
D:3 Tungsten's ghost, amateur KoSu
D:4 exclusion: ogre


Innate Abilities, Weirdness & Mutations

You cannot wear most types of armour.
You are very stealthy in the water. (Stealth+)
You are amphibious.
You can wear up to eight rings at the same time.
You can use your tentacles to constrict eight enemies at once.
Your skin changes colour to match your surroundings (Stealth+).
Your rubbery body absorbs attacks. (AC +1, EV +1)


Message History

You see here a scroll labeled JAFEAS ATHEPOA.
The orc moves out of view.
The orc wizard points at you and mumbles some strange words.
The puff of flame hits you!
An orc priest comes into view. It is wielding a war axe.
The giant cockroach misses you.
The orc wizard hits you but does no damage.
The giant cockroach misses you.
Found a buckler.
The orc wizard gestures at you while chanting.
You resist with some effort.
The orc throws a tomahawk.
The tomahawk closely misses you.
You hear a shout!
The orc priest calls down the wrath of Beogh upon you.
Beogh smites you!
You see here a scroll labeled JAFEAS ATHEPOA.
The giant cockroach completely misses you.
The orc priest mumbles some strange prayers to Beogh against you.
Beogh smites you!
You die...

#.##.##.#.... #.##....#....
#.####..#.... #.####..#....
#.......####. ######.##....
######## #.##.#.#
##.....(###########.##..##
#.....o.s@..[....##.##.##
#..##.#.###.####.##.##..##
#.#.#[.#.?...##.####.##..<...#
.....o.oo.#........#.#####....
..#.#..##.#.###.##.#.# ####.
#.. o.......##.#.# ##.
#................# #..
########.####..### #..
######.##....# #..


You could see an orc priest, an orc wizard, an orc and a giant cockroach.

Vanquished Creatures
  A crimson imp (D:3)
  A bullfrog skeleton (D:4)
  A worker ant (D:4)
  3 adders (D:2)
  2 leopard geckos
  4 orcs
  A ball python (D:3)
  5 bats
  4 giant cockroaches
  6 goblins
  11 hobgoblins
  6 jackals
  2 quokkas (D:3)
  5 frilled lizards
  6 kobolds
  2 rats
60 creatures vanquished.

Notes
Turn   | Place    | Note
-------+----------+-------------------------------------------
     0 | D:1      | Kavrick the Octopode Monk began the quest for the Orb.
     0 | D:1      | Reached XP level 1. HP: 16/16 MP: 1/1
   349 | D:1      | Reached XP level 2. HP: 11/21 MP: 2/2
   765 | D:1      | Reached XP level 3. HP: 22/26 MP: 3/3
  1607 | D:2      | Reached XP level 4. HP: 29/31 MP: 4/4
  1610 | D:2      | Noticed Sigmund
  1917 | D:3      | Noticed Tungsten's ghost (amateur KoSu)
  2644 | D:3      | Reached XP level 5. HP: 24/36 MP: 5/5
  3609 | D:4      | Noticed an ogre
  3638 | D:4      | Killed from afar by an orc priest

Vault maps used:
D:1:      dpeg_arrival_orchard
D:2:      nicolae_dithmenos_shadow_blocks, uniq_sigmund
D:3:      yredelemnul_forgotten_temple_becter, kennysheep_pointless_box

Skill      XL: |  1  2  3  4  5 |
---------------+----------------+-----
Stealth        | 3 4 |  4.2
Unarmed Combat | 4 |  4.5
Fighting       | |  3.8
Dodging        | |  3.7

Action                   |  1- 3 |  4- 6 || total
-------------------------+-------+-------++-------
Melee: Unarmed           |    74 |    68 ||   142
       Constrict         |    25 |    17 ||    42
       Tentacles         |     9 |    11 ||    20
       Punch             |     3 |     2 ||     5
 Stab: Sleeping          |     8 |     7 ||    15
  Eat: Chunk             |     2 |     6 ||     8
Armor: Skin              |     2 |    11 ||    13
Dodge: Dodged            |    46 |    59 ||   105

Table legend:
 A = Spawn XP
 B = Non-spawn XP
 C = Spawn XP percentage of total XP
 D = Spawn monster count
 E = Non-spawn monster count
 F = Spawn count percentage of total count
 G = Total turns spent on level
                    A         B        C        D         E        F      G
               +---------+---------+-------+---------+---------+-------+---------
         Total |       0 |     264 |   0.0 |       0 |      60 |   0.0 |  3638
               +---------+---------+-------+---------+---------+-------+---------
           D:1 |       0 |      45 |   0.0 |       0 |      24 |   0.0 |  1317
           D:2 |       0 |      64 |   0.0 |       0 |      16 |   0.0 |  1384
           D:3 |       0 |      75 |   0.0 |       0 |      14 |   0.0 |   412
           D:4 |       0 |      80 |   0.0 |       0 |       6 |   0.0 |   525
               +---------+---------+-------+---------+---------+-------+---------
